 Dungeon Crawl Stone Soup version 0.17.1-2-g5865329 (webtiles) character file.

40 Miyamura the Insei (level 3, -3/24 HPs)
             Began as an Octopode Transmuter on Jan 16, 2016.
             Slain by a gnoll
             ... wielding a +0 club
              (5 damage)
             ... on level 2 of the Dungeon.
             The game lasted 00:03:55 (1690 turns).

Miyamura the Insei (Octopode Transmuter)            Turns: 1690, Time: 00:03:56

Health: -3/24      AC:  1    Str:  9    XL:     3   Next: 50%
Magic:  2/6        EV: 12    Int: 16    God:
Gold:   94         SH:  0    Dex: 12    Spells: 3 memorised, 0 levels left

rFire  . . .     SeeInvis .       - Unarmed
rCold  . . .     Clarity  .     (no shield)
rNeg   . . .     SustAt   .     (helmet restricted)
rPois  .         Gourm    .     (no amulet)
rElec  .         Spirit   .     (no ring)
rCorr  .         Warding  .     (no ring)
rMut   .         Stasis   .     (no ring)
MR     .....                    (no ring)
Stlth  +++.......               (no ring)
                                (no ring)
                                (no ring)
                                (no ring)

@: not resistant to hostile enchantments, fairly stealthy
A: almost no armour, amphibious, 8 rings, constrict 8, camouflage 1, gelatinous
body 1
a: no special abilities


You were on level 2 of the Dungeon.
You were not hungry.

You visited 1 branch of the dungeon, and saw 2 of its levels.

You collected 94 gold pieces.

Inventory:

Missiles
 a - 36 arrows
 f - 11 arrows of frost
 p - 2 needles of slowing
Jewellery
 o - a +2 ring of strength {unknown}
Scrolls
 i - a scroll of fear {unknown}
 k - a scroll of immolation
 l - a scroll of identify {unknown}
 m - a scroll of amnesia {unknown}
 n - a scroll of teleportation {unknown}
Potions
 d - a potion of might {unknown}
 e - a potion of curing {unknown}
 h - a potion of heal wounds {unknown}
Books
 b - a book of Changes

   Spells                             Type                      Level
   a - Beastly Appendage              Transmutation                1
   b - Sticks to Snakes               Transmutation                2
   c - Spider Form                    Transmutation/Poison         3
   d - Ice Form                       Ice/Transmutation            4
   e - Blade Hands                    Transmutation                5
Comestibles
 c - a bread ration
 g - 3 chunks of flesh


   Skills:
 + Level 1.7 Fighting
 + Level 2.4 Dodging
 + Level 1.5 Stealth
 + Level 3.2 Unarmed Combat
 + Level 2.2 Spellcasting
 + Level 2.2 Transmutations


You couldn't memorise any spells.
You knew the following spells:

 Your Spells              Type           Power        Failure   Level  Hunger
a - Beastly Appendage     Trmt           #.....       10%         1    #......
f - Spider Form           Trmt/Pois      #.........   38%         3    ###....
s - Sticks to Snakes      Trmt           #.........   14%         2    ###....


Dungeon Overview and Level Annotations

Branches:
Dungeon (2/15)

Altars:


Innate Abilities, Weirdness & Mutations

You cannot wear most types of armour.
You are amphibious.
You can wear up to eight rings at the same time.
You can use your tentacles to constrict eight enemies at once.
Your skin changes colour to match your surroundings (Stealth).
Your rubbery body absorbs attacks (AC +1).


Message History

Your ball python constricts something.
Your ball python bites something.
Your ball python constricts something.
Something hits you!
Your adder bites something.
Your ball python bites something.
Your ball python constricts something.
Something hits your ball python.
Your ball python dies!
Your adder misses something.
You start resting.
Something hits you!
* * * LOW HITPOINT WARNING * * *
Read which item? (? for menu, Esc to quit)
As you read the scroll labeled ISEF JAROO, it crumbles to dust.
The creatures around you are filled with an inner flame!
It was a scroll of immolation.
Something hits you.
* * * LOW HITPOINT WARNING * * *
Read which item? (? for menu, Esc to quit)
As you read the scroll labeled QENACI VABLUJA, it crumbles to dust.
It is a scroll of enchant weapon.
You aren't carrying any weapons that can be enchanted.
Something hits you.
You die...

#.. #.# #.# . #.# ..
######### #.# ..8
#.......# #.. ....
#.>...#.# ..8gg
#.###.#.#####
....8.###.#...{@....#
#......gS.#S#.###.#
##..###.......# #.#
.... #.......# #.#
##.. #.....### #.# #.
## ####### #.# #. #.#
#. #.## #. #..#
######.


You could see a gnoll, a friendly adder (inner flame) and a friendly ball python
(inner flame).

Vanquished Creatures
  An adder (D:2)
  A giant gecko (D:1)
  3 giant cockroaches (D:1)
  3 hobgoblins (D:1)
  2 jackals (D:1)
  8 kobolds
  3 bats (D:1)
  2 giant newts
  A goblin (D:1)
  3 rats (D:1)
27 creatures vanquished.

Vanquished Creatures (collateral kills)
  A gnoll (D:2)
  A goblin (D:2)
2 creatures vanquished.

Grand Total: 29 creatures vanquished

Notes
Turn   | Place    | Note
--------------------------------------------------------------
     0 | D:1      | Miyamura the Octopode Transmuter began the quest for the Orb.
     0 | D:1      | Reached XP level 1. HP: 13/13 MP: 3/3
   416 | D:1      | Reached XP level 2. HP: 5/18 MP: 3/5
  1432 | D:1      | Learned a level 2 spell: Sticks to Snakes
  1509 | D:1      | Reached skill level 1 in Stealth
  1509 | D:1      | Reached XP level 3. HP: 21/23 MP: 4/6
  1541 | D:1      | Learned a level 3 spell: Spider Form
  1690 | D:2      | Slain by a gnoll

Action                   || total
-------------------------++-------
Melee: Unarmed           ||    67
 Cast: Beastly Appendage ||    10
       Sticks to Snakes  ||     5
  Use: Scroll            ||     4
 Stab: Sleeping          ||     1
  Eat: Chunk             ||     3
